Map: Acropolis LE

Players

JhonnyPienso - Winner!

  • Race: Terran Terran
  • League: Platinum
  • Spawn Location: 5:00

Smeeeger

  • Race: Zerg Zerg
  • League: Platinum
  • Spawn Location: 11:00

VOD

Have the link to the VOD?

Description

Time

  • Played on: July 14, 2019, 8:53 p.m.
  • Length: 21:02
Show
View Real Time Build Order
Export as new Build Order

JhonnyPienso Terran - Winner!

Build Orders: Command Center First (CC), Mech 

Get SALT Encoding   

  12  0:01  SCV  
  13  0:13  SCV  
  14  0:17  Supply Depot  
  14  0:25  SCV  
  15  0:38  SCV  
  16  0:51  SCV  
  17  1:01  Command Center  
  17  1:14  Barracks  
  17  1:17  SCV  
  18  1:24  Refinery  
  18  1:32  SCV  
  19  1:34  Refinery  
  19  1:44  SCV  
  20  2:00  Orbital Command  
  20  2:01  Marine  
  21  2:13  Orbital Command  
  21  2:19  Marine  
  22  2:25  Factory  
  22  2:31  SCV  
  23  2:37  Marine  
  24  2:53  SCV x2  
  24  2:56  Barracks Reactor  
  26  3:05  SCV x2  
  28  3:09  Hellion  
  28  3:11  Starport  
  30  3:15  Supply Depot  
  30  3:18  SCV x2  
  32  3:30  SCV x2  
  34  3:55  SCV x2  
  36  3:58  Hellion x2  
  36  3:59  Viking  
  36  4:00  Marine  
  36  4:01  Supply Depot  
  43  4:13  Refinery  
  43  4:14  Refinery  
  43  4:17  SCV x2  
  45  4:28  Barracks Tech Lab  
  45  4:29  Hellion x2, SCV x2  
  51  4:35  Supply Depot  
  51  4:41  SCV x2  
  53  4:51  Factory  
  53  4:56  Viking  
  53  4:57  Hellion x2  
  53  4:59  Supply Depot  
  59  5:01  SCV x2  
  61  5:19  SCV  
  61  5:20  SCV  
  61  5:21  Command Center  
  63  5:31  SCV  
  63  5:33  SCV  
  63  5:35  Siege Tank  
  68  5:42  Bunker  
  68  5:44  SCV  
  68  5:45  SCV  
  68  5:48  Barracks Tech Lab  
  68  5:49  Factory  
  70  5:52  Infernal Pre-Igniter  
  70  6:01  Engineering Bay  
  69  6:25  SCV  
  70  6:29  Supply Depot  
  70  6:31  Supply Depot  
  70  6:32  Viking, Hellion x2, SCV  
  77  6:41  Armory  
  77  6:43  Armory, SCV x2  
  77  6:44  SCV  
  80  6:49  Missile Turret  
  80  6:53  Missile Turret  
  80  6:55  Sensor Tower  
  80  7:02  SCV x3  
  83  7:08  Barracks Reactor  
  83  7:14  Missile Turret, SCV x3  
  83  7:15  Siege Tank  
  89  7:19  Refinery  
  88  7:26  SCV  
  89  7:59  SCV x3  
  92  8:07  Missile Turret  
  92  8:10  Missile Turret  
  92  8:11  Command Center  
  92  8:14  Supply Depot  
  92  8:23  Factory, Sensor Tower  
  92  8:24  Factory  
  92  8:26  Starport  
  92  8:27  Barracks Tech Lab  
  92  8:28  Supply Depot, SCV x3  
  92  8:31  Supply Depot  
  95  8:34  Siege Tank x2  
  95  8:40  SCV  
  102  8:43  Command Center, Missile Turret  
  102  8:48  Terran Vehicle Weapons Level 1, Terran Vehicle And Ship Armor Level 1  
  102  8:54  Command Center  
  102  8:59  Refinery  
  102  9:02  Medivac x2  
  106  9:05  Starport Tech Lab  
  106  9:08  SCV x3  
  109  9:13  Siege Tank x2  
  109  9:14  Factory Tech Lab  
  109  9:15  Factory Tech Lab  
  115  9:17  Neosteel Armor  
  115  9:21  Planetary Fortress  
  115  9:31  SCV x2  
  116  9:41  Medivac  
  116  9:42  Raven, Medivac  
  116  9:43  Thor, Hellion  
  116  9:44  Hellion  
  116  9:45  Siege Tank  
  135  9:54  Thor  
  135  9:57  Barracks Tech Lab  
  141  10:16  SCV x5  
  141  10:17  SCV  
  141  10:18  Starport  
  141  10:19  Starport  
  118  10:57  Planetary Fortress  
  118  11:00  Hellion x2, Siege Tank x4  
  134  11:21  Hellion x2  
  134  11:24  Viking x3  
  144  11:28  Refinery  
  144  11:31  Refinery  
  144  11:32  Hellion x2  
  150  11:33  Hellion x2  
  150  11:35  Missile Turret  
  150  11:36  Missile Turret  
  150  11:37  Missile Turret x3  
  150  11:38  Sensor Tower  
  152  11:45  Barracks Tech Lab  
  152  11:46  Factory  
  152  11:47  Hi-Sec Auto Tracking  
  152  11:49  Factory  
  152  11:58  Orbital Command  
  152  12:00  Command Center  
  152  12:06  Command Center  
  152  12:10  Siege Tank x3  
  152  12:11  Siege Tank  
  164  12:24  Command Center  
  164  12:26  Command Center  
  164  12:50  Command Center  
  164  12:51  Missile Turret  
  164  12:52  Missile Turret  
  164  13:00  Raven x3  
  170  13:06  Planetary Fortress  
  170  13:12  Hellion x3  
  176  13:13  Missile Turret  
  176  13:14  Refinery  
  176  13:16  Missile Turret  
  176  13:17  Refinery  
  160  13:34  Missile Turret  
  160  13:38  Missile Turret  
  133  13:48  Hellion x4  
  129  13:49  Hellion x4  
  139  14:02  Missile Turret x2  
  139  14:22  Hellion x2  
  139  14:23  Hellion x5  
  152  14:31  Planetary Fortress  
  152  14:37  Missile Turret  
  152  14:39  Missile Turret, Refinery  
  152  14:41  Refinery, Missile Turret  
  152  14:44  Planetary Fortress  
  152  14:58  Missile Turret  
  152  15:01  Missile Turret  
  152  15:02  Missile Turret  
  152  15:06  Command Center  
  152  15:09  Command Center  
  152  15:15  Viking x4  
  152  15:20  Missile Turret  
  160  15:22  Missile Turret  
  160  15:26  Missile Turret  
  160  15:27  Siege Tank x3  
  160  15:28  Factory Tech Lab  
  169  15:32  Planetary Fortress  
  169  15:43  Missile Turret  
  169  15:45  Missile Turret  
  106  16:29  Orbital Command  
  106  16:30  Orbital Command  
  104  16:34  Orbital Command  
  104  16:55  Command Center  
  104  16:56  Command Center  
  104  16:59  Orbital Command x2  
  104  17:15  SCV  
  104  17:16  SCV x4  
  104  17:20  Siege Tank x3  
  104  17:21  Siege Tank  
  121  17:28  Orbital Command  
  120  18:04  Hellion  
  120  18:05  Hellion x6  
  134  18:06  Hellion  
  125  18:55  Planetary Fortress  
  125  18:56  Orbital Command  
  125  19:05  SCV x2  
  125  19:06  SCV x7  
  125  19:08  SCV x2  
  134  19:46  Viking x4  
  134  19:47  Viking  
  140  19:55  Hellion x3  
  140  19:56  Hellion  
  140  19:57  Hellion x3  
  140  19:59  Hellion  
  136  20:16  Viking x4, Hellion  
  136  20:17  Hellion x3, Viking  
  136  20:18  Thor x2  
  136  20:19  Hellion  
  168  20:22  Hellion  
  170  20:38  Hellion  
  184  20:52  Refinery, Command Center  
  184  20:55  Refinery  
Show
View Real Time Build Order
Export as new Build Order

Smeeeger Zerg 

Build Orders: Hatch First 

Get SALT Encoding   

  12  0:00  Drone  
  13  0:13  Overlord  
  13  0:25  Drone  
  14  0:31  Drone x2  
  16  0:51  Hatchery  
  16  0:53  Drone  
  16  0:57  Drone  
  16  1:00  Drone  
  18  1:18  Extractor  
  18  1:19  Spawning Pool  
  18  1:20  Drone  
  18  1:22  Drone  
  18  1:31  Drone  
  19  1:44  Overlord  
  19  2:06  Queen  
  19  2:07  Zergling x4  
  19  2:08  Zergling x2  
  24  2:09  Queen  
  26  2:19  Drone x2  
  28  2:32  Drone x2  
  30  2:41  Metabolic Boost  
  30  2:44  Queen  
  30  2:48  Baneling Nest  
  31  2:53  Drone x3  
  31  2:57  Overlord  
  34  3:11  Hatchery  
  33  3:16  Drone x2  
  33  3:19  Drone  
  35  3:39  Drone x3  
  37  3:43  Queen  
  37  3:44  Drone x4  
  37  3:47  Drone, Extractor  
  37  3:48  Drone  
  43  3:49  Extractor  
  43  3:54  Drone  
  43  3:55  Drone  
  44  3:57  Overlord  
  44  3:58  Overlord  
  44  4:15  Queen  
  46  4:18  Drone  
  46  4:19  Drone x2  
  46  4:21  Drone  
  46  4:22  Overlord  
  50  4:33  Queen  
  50  4:38  Spore Crawler  
  51  4:40  Spore Crawler  
  51  4:42  Queen  
  51  4:44  Drone x2  
  51  4:45  Drone x2  
  56  4:53  Zergling x4  
  56  4:59  Spore Crawler  
  57  5:07  Zergling x2  
  57  5:12  Overlord x2  
  58  5:23  Overlord  
  58  5:24  Overlord x2  
  58  5:35  Baneling Nest  
  57  5:38  Drone x2  
  57  5:40  Evolution Chamber  
  57  5:42  Drone x5, Evolution Chamber  
  62  5:43  Drone  
  63  5:51  Drone  
  63  5:52  Drone  
  63  5:53  Queen  
  63  5:54  Queen  
  63  5:55  Drone  
  63  5:56  Drone x3, Overlord x2  
  72  6:20  Spine Crawler  
  72  6:23  Spine Crawler  
  69  6:26  Spine Crawler  
  69  6:28  Zergling x12  
  69  6:29  Zergling x4  
  69  6:30  Baneling x2  
  76  6:38  Zergling x6  
  76  6:39  Zergling x8  
  83  6:42  Lair  
  83  6:44  Zerg Ground Armor Level 1, Zerg Melee Weapons Level 1  
  83  6:47  Baneling x2  
  83  6:48  Baneling x5  
  83  6:55  Drone x4, Extractor  
  83  6:56  Drone, Extractor  
  86  7:05  Drone x2  
  86  7:06  Drone  
  89  7:19  Drone x4  
  89  7:20  Drone  
  80  7:58  Roach Warren  
  77  8:03  Zergling x24  
  77  8:04  Zergling x8  
  93  8:16  Hatchery  
  93  8:17  Zergling x2  
  93  8:18  Zergling x8  
  97  8:25  Infestation Pit, Spore Crawler, Extractor  
  97  8:26  Spine Crawler  
  93  8:35  Zergling x12  
  93  8:37  Baneling x3  
  93  8:38  Baneling x6  
  93  8:39  Baneling x3  
  99  8:43  Zerg Melee Weapons Level 2, Zerg Ground Armor Level 2  
  99  8:58  Centrifical Hooks  
  99  9:09  Baneling  
  99  9:10  Baneling x4  
  99  9:14  Drone  
  99  9:15  Drone x4, Overlord x2  
  99  9:16  Overlord x3  
  104  9:17  Overseer x2  
  104  9:20  Burrow  
  104  9:27  Hive  
  104  9:28  Pneumatized Carapace  
  104  9:39  Drone x2  
  104  9:40  Drone x2  
  108  9:46  Zergling x2  
  108  9:47  Zergling x18  
  118  9:56  Drone x3  
  118  9:57  Drone  
  118  9:58  Spore Crawler, Drone x2  
  118  9:59  Spore Crawler  
  122  10:10  Hatchery x2  
  120  10:20  Baneling x2  
  120  10:21  Baneling x5  
  120  10:22  Baneling x5  
  109  10:46  Zergling x2  
  109  10:47  Zergling x6  
  93  10:51  Zergling x2  
  93  10:52  Zergling x26  
  103  11:04  Roach x8  
  103  11:05  Roach x3  
  103  11:07  Baneling x9  
  103  11:10  Zerg Melee Weapons Level 3, Zerg Ground Armor Level 3  
  123  11:20  Ultralisk Cavern  
  123  11:24  Drone x3, Extractor  
  124  11:25  Drone  
  124  11:26  Drone x2, Extractor  
  126  11:38  Baneling x15  
  126  11:41  Drone  
  126  11:42  Drone x4, Overlord  
  126  11:43  Overlord x3  
  131  11:58  Pathogen Glands, Spire  
  131  11:59  Viper x2  
  131  12:00  Viper x3  
  145  12:07  Drone x5, Evolution Chamber  
  149  12:09  Evolution Chamber  
  148  12:24  Ultralisk x2  
  148  12:25  Ultralisk  
  148  12:28  Anabolic Synthesis  
  166  12:30  Zergling x32  
  166  12:31  Zergling x6  
  185  12:37  Evolution Chamber  
  184  12:47  Roach  
  184  12:51  Glial Reconstitution  
  186  12:55  Neural Parasite  
  186  13:08  Baneling x2  
  186  13:09  Baneling x5  
  186  13:10  Overlord x6  
  121  13:43  Zergling x2  
  121  13:44  Zergling x14  
  121  13:47  Ultralisk x4  
  121  13:48  Ultralisk, Corruptor x4  
  136  13:54  Zerg Missile Weapons Level 1  
  144  14:03  Chitinous Plating  
  144  14:10  Infestor  
  144  14:15  Baneling x4  
  144  14:16  Roach, Baneling x2  
  144  14:17  Roach  
  150  14:25  Roach x7  
  150  14:26  Roach  
  166  14:48  Infestor x2  
  166  14:52  Viper  
  170  14:56  Zergling x6  
  170  14:57  Ravager x2  
  178  15:14  Corruptor x3  
  184  15:33  Corruptor  
  184  15:34  Corruptor x4  
  194  15:41  Hatchery  
  194  15:42  Corruptor  
  193  15:44  Zergling x6  
  193  15:45  Zergling x4  
  193  15:47  Baneling x7  
  153  16:18  Zergling x34  
  147  16:19  Zergling x12  
  124  16:34  Ultralisk x4  
  124  16:35  Ultralisk  
  154  16:43  Greater Spire  
  154  16:49  Drone  
  154  16:50  Drone x6  
  138  17:15  Queen  
  140  17:20  Zergling x4  
  140  17:21  Zergling x44  
  164  17:23  Corruptor x2  
  168  17:31  Zerg Missile Weapons Level 2  
  168  17:32  Extractor  
  168  17:33  Hydralisk Den  
  168  17:34  Extractor  
  165  17:38  Drone x2  
  165  17:39  Drone  
  168  17:46  Viper x3  
  177  17:52  Infestor  
  177  17:54  Overlord  
  149  18:40  Infestor  
  149  18:41  Infestor x3  
  125  18:51  Roach x11  
  125  18:52  Roach x6  
  159  19:04  Queen  
  161  19:12  Corruptor x3  
  161  19:13  Corruptor x2  
  171  19:19  Zergling x8  
  171  19:20  Zergling x10  
  180  19:25  Infestor x2  
  184  19:37  Roach  
  184  19:38  Roach x6  
  182  19:59  Zergling x2  
  159  20:00  Zergling x38  
  159  20:07  Roach  
  166  20:14  Roach x2  
  166  20:15  Roach  
  166  20:16  Zergling x8  
  168  20:23  Baneling  
  168  20:24  Baneling x21  
  168  20:28  Corruptor  
Tags
 
Add a new tag
Caveats
  • Supply blocks, unpowered buildings, or Contaminate may cause inaccurate times.
  • Supply counts are checked every 10 seconds.